Flames vs Coyotes
Created - 22 novembre 2013 at 19:18
Goals
|
| Flames |
0 |
1 |
3 |
4 |
| Coyotes |
0 |
2 |
0 |
2 |
|
Shots
|
| Flames |
6 |
14 |
14 |
34 |
| Coyotes |
7 |
16 |
10 |
33 |
|
1st period
No Goal
Penalties :
Milan Hejduk (Cal) for Interference (Minor) at 12:49, Marian Gaborik (Pho) for High sticking (Minor) at 16:06, Eric Staal (Cal) for Tripping (Minor) at 16:06
2nd period
1. Coyotes , Frans Nielsen 8 (Tom Poti) at 10:26
2. Coyotes , Lukas Krajicek 1 (Drew Miller, Bill Guerin) at 13:49
3. Flames , Eric Staal 14 (Alexander Semin) at 19:06 (PP)
Penalties :
Alexander Semin (Cal) for Roughing (Minor) at 2:29, Lukas Krajicek (Pho) for Attempt to injure (Major / Game Misconduct) at 18:20
3rd period
4. Flames , Eric Staal 15 (David Backes, Tomas Kaberle) at 9:07
5. Flames , Mark Bell 5 (Michal Handzus, Erik Johnson) at 11:01
6. Flames , Marcel Goc 5 (Mike Leclerc, Steve Eminger) at 14:01
Penalties :
No Penalty
Goalie Stats
Craig Anderson (Cal), 31 saves from 33 shots - (0,939), W, 8-1-0, 60:00 minutes
Ryan Miller (Pho), 30 saves from 34 shots - (0,882), L, 8-6-1, 60:00 minutes
Players Stats for Flames
Player Name G A P +/- PIM S H SB GA TA FO MP PP MP PK MP
------------------------------------------------------------------------------------
Alexander Semin 0 1 1 0 2 2 1 0 1 0 1/3 20:44 2:19 0:19
Branko Radivojevic 0 0 0 0 0 0 1 1 1 0 0/0 7:59 0:40 0:00
Brett Lebda 0 0 0 1 0 0 0 0 0 1 0/0 22:11 2:25 1:11
David Backes 0 1 1 0 0 4 1 0 2 1 0/0 18:56 2:19 0:00
Eric Staal 2 0 2 0 2 8 0 0 1 1 14/31 20:50 2:19 1:19
Erik Johnson 0 1 1 1 0 1 1 2 0 0 0/0 20:30 2:34 1:11
Jordin Tootoo 0 0 0 0 0 3 2 0 1 0 0/1 11:28 0:00 0:23
Josef Vasicek 0 0 0 0 0 1 1 0 0 0 4/7 13:07 2:00 0:00
Marcel Goc 1 0 1 0 0 1 1 0 0 0 3/4 7:19 0:00 0:00
Mark Bell 1 0 1 1 0 4 0 1 1 0 0/0 17:13 2:00 0:04
Michal Handzus 0 1 1 1 0 0 1 1 1 1 13/22 15:43 0:00 2:16
Mike Leclerc 0 1 1 0 0 0 0 0 0 0 0/0 10:32 0:40 2:16
Milan Hejduk 0 0 0 1 2 5 2 0 0 0 2/2 16:49 2:00 0:00
Niklas Kronwall 0 0 0 -1 0 1 2 0 0 0 0/0 13:56 1:50 0:00
Petr Schastlivy 0 0 0 0 0 2 3 0 0 0 0/0 13:20 0:40 1:19
Ron Hainsey 0 0 0 -1 0 1 0 0 0 0 0/0 14:06 0:35 2:47
Steve Eminger 0 1 1 1 0 0 1 2 0 0 0/0 24:59 0:00 2:47
Tomas Kaberle 0 1 1 1 0 1 0 1 1 1 0/0 24:18 2:34 0:00
Players Stats for Coyotes
Player Name G A P +/- PIM S H SB GA TA FO MP PP MP PK MP
------------------------------------------------------------------------------------
Bill Guerin 0 1 1 2 0 1 5 0 1 0 1/2 17:08 1:46 0:14
Brenden Morrow 0 0 0 -3 0 2 4 1 0 1 2/2 20:36 2:12 0:59
Chad Larose 0 0 0 0 0 5 0 0 0 0 1/1 12:27 0:00 0:52
Craig Adams 0 0 0 0 0 1 1 0 1 0 0/0 9:13 0:00 1:10
Denis Grebeshkov 0 0 0 -1 0 1 3 1 0 1 0/0 25:09 2:35 1:52
Drew Miller 0 1 1 2 0 2 2 0 0 0 0/2 17:58 1:46 2:54
Frans Nielsen 1 0 1 2 0 3 1 0 1 0 12/21 18:42 1:46 2:53
Jiri Fischer 0 0 0 0 0 1 1 3 0 1 0/0 13:37 0:00 1:52
Joël Perrault 0 0 0 0 0 2 1 0 0 0 4/8 8:14 0:00 0:56
Kurt Sauer 0 0 0 0 0 1 1 2 0 1 0/0 21:46 0:00 2:53
Lukas Krajicek 1 0 1 1 15 1 1 0 0 0 0/0 9:55 1:23 0:00
Marian Gaborik 0 0 0 -3 2 1 2 0 0 0 1/4 19:04 2:12 0:00
Maxim Lapierre 0 0 0 0 0 0 1 0 1 1 1/6 11:27 0:00 0:00
Riley Cote 0 0 0 0 0 3 0 0 0 0 0/0 7:32 0:00 0:14
Sami Lepisto 0 0 0 -1 0 4 3 1 0 1 0/0 20:14 1:23 0:14
Sergei Samsonov 0 0 0 0 0 2 1 0 0 0 0/0 12:06 0:00 0:00
Tim Connolly 0 0 0 -3 0 2 1 0 0 2 11/24 19:38 2:12 0:00
Tom Poti 0 1 1 -1 0 1 0 1 1 1 0/0 28:14 2:35 2:53
3 Stars
1 - Bill Guerin (Pho)
2 - Frans Nielsen (Pho)
3 - Eric Staal (Cal)
Power Play
Flames - 1 on 1 Attempt(s) - 100,00%
Coyotes - 0 on 2 Attempt(s) - 0,00%
Penalty Kill
Flames - 2 on 2 Attempt(s) - 100,00%
- Score 0 goal in Penalty Kill
Coyotes - 0 on 1 Attempt(s) - 0,00%
- Score 0 goal in Penalty Kill
Official
Referees : Martell Rob and O'Rourke Dan
Linesman : Andy McElman and Derek Nansen
Game Notes
Lukas Krajicek ejected from game at 18:20 of 2nd period
18:49 of 3rd period - Coyotes goal is going for a video replay. After video review, No Goal. The goalkeeper has been pushed into the net together with the puck after making a save.
Finance
Level 1 -- Attendance: 4807 (80,12%) -- Ticket Income 456 665 $
Level 2 -- Attendance: 3429 (68,58%) -- Ticket Income 195 453 $
Level 3 -- Attendance: 1508 (75,40%) -- Ticket Income 48 256 $
Level 4 -- Attendance: 3909 (97,73%) -- Ticket Income 70 362 $
Luxury Box -- Attendance: 688 (68,80%) -- Ticket Income 130 720 $
Game was played at the The Pack Center
Total Attendance: 14341 (79,67%)
Total Ticket Income: 901 456 $
Other Income: 135 218 $
Total Income: 1 036 674 $
Flames
5 vs 5 Forward
Center Left Wing Right Wing Time % Phy DF OF
1 Eric Staal Alexander Semin David Backes 40 1 2 2
2 Michal Handzus Mark Bell Milan Hejduk 30 1 2 2
3 Josef Vasicek Petr Schastlivy Jordin Tootoo 20 1 2 2
4 Marcel Goc Mike Leclerc Branko Radivojevic 10 1 2 2
5 vs 5 Defense
Defense Defense Time % Phy DF OF
1 Tomas Kaberle Steve Eminger 40 1 2 2
2 Brett Lebda Erik Johnson 30 1 2 2
3 Ron Hainsey Niklas Kronwall 20 1 2 2
4 Brett Lebda Steve Eminger 10 1 2 2
PowerPlay Forward
Center Left Wing Right Wing Time % Phy DF OF
1 Eric Staal Alexander Semin David Backes 60 1 1 3
2 Josef Vasicek Mark Bell Milan Hejduk 40 1 1 3
PowerPlay Defense
Defense Defense Time % Phy DF OF
1 Tomas Kaberle Erik Johnson 60 1 1 3
2 Brett Lebda Niklas Kronwall 40 1 1 3
Penalty Kill 4 Players Forward
Center Wing Time % Phy DF OF
1 Michal Handzus Mike Leclerc 60 1 3 1
2 Eric Staal Petr Schastlivy 40 1 3 1
Penalty Kill 4 Players Defense
Defense Defense Time % Phy DF OF
1 Ron Hainsey Steve Eminger 60 1 3 1
2 Brett Lebda Erik Johnson 40 1 3 1
Penalty Kill - 3 Players Forward
Forward Time % Phy DF OF
1 Michal Handzus 60 1 3 1
2 Eric Staal 40 1 3 1
Penalty Kill - 3 Players Defense
Defense Defense Time % Phy DF OF
1 Ron Hainsey Steve Eminger 60 1 4 0
2 Brett Lebda Erik Johnson 40 1 4 0
4 vs 4 Forward
Center Wing Time % Phy DF OF
1 Eric Staal Alexander Semin 60 1 2 2
2 Michal Handzus Milan Hejduk 40 1 2 2
4 vs 4 Defense
Defense Defense Time % Phy DF OF
1 Tomas Kaberle Steve Eminger 60 1 2 2
2 Brett Lebda Erik Johnson 40 1 2 2
Last Minutes Offensive
Center Left Wing Right Wing Defense Defense
Eric Staal Alexander Semin David Backes Tomas Kaberle Steve Eminger
Last Minutes Defensive
Center Left Wing Right Wing Defense Defense
Eric Staal Mike Leclerc David Backes Ron Hainsey Steve Eminger
Goaltenders
Starting : Craig Anderson
Backup : Pekka Rinne
Extra Forwards
Normal : Milan Hejduk, Mark Bell, Petr Schastlivy - PP : Milan Hejduk, Petr Schastlivy - PK : Jordin Tootoo
Extra Defensemen
Normal : Niklas Kronwall, Erik Johnson, Brett Lebda - PP : Erik Johnson - PK : Brett Lebda, Erik Johnson
Penalty Shots
Eric Staal, David Backes, Alexander Semin, Milan Hejduk, Marcel Goc
Coyotes
5 vs 5 Forward
Center Left Wing Right Wing Time % Phy DF OF
1 Tim Connolly Brenden Morrow Marian Gaborik 40 1 2 2
2 Frans Nielsen Drew Miller Bill Guerin 30 1 2 2
3 Maxim Lapierre Sergei Samsonov Chad Larose 20 1 2 2
4 Joël Perrault Riley Cote Craig Adams 10 1 2 2
5 vs 5 Defense
Defense Defense Time % Phy DF OF
1 Tom Poti Denis Grebeshkov 40 1 2 2
2 Sami Lepisto Kurt Sauer 30 1 2 2
3 Lukas Krajicek Jiri Fischer 20 1 2 2
4 Tom Poti Kurt Sauer 10 1 2 2
PowerPlay Forward
Center Left Wing Right Wing Time % Phy DF OF
1 Tim Connolly Brenden Morrow Marian Gaborik 60 1 2 2
2 Frans Nielsen Drew Miller Bill Guerin 40 1 2 2
PowerPlay Defense
Defense Defense Time % Phy DF OF
1 Tom Poti Denis Grebeshkov 60 1 2 2
2 Sami Lepisto Lukas Krajicek 40 1 2 2
Penalty Kill 4 Players Forward
Center Wing Time % Phy DF OF
1 Frans Nielsen Drew Miller 60 1 2 2
2 Chad Larose Craig Adams 40 1 2 2
Penalty Kill 4 Players Defense
Defense Defense Time % Phy DF OF
1 Tom Poti Kurt Sauer 60 1 2 2
2 Denis Grebeshkov Jiri Fischer 40 1 2 2
Penalty Kill - 3 Players Forward
Forward Time % Phy DF OF
1 Drew Miller 60 1 2 2
2 Chad Larose 40 1 2 2
Penalty Kill - 3 Players Defense
Defense Defense Time % Phy DF OF
1 Tom Poti Kurt Sauer 60 1 2 2
2 Denis Grebeshkov Jiri Fischer 40 1 2 2
4 vs 4 Forward
Center Wing Time % Phy DF OF
1 Tim Connolly Marian Gaborik 60 1 2 2
2 Frans Nielsen Drew Miller 40 1 2 2
4 vs 4 Defense
Defense Defense Time % Phy DF OF
1 Tom Poti Kurt Sauer 60 1 2 2
2 Denis Grebeshkov Jiri Fischer 40 1 2 2
Last Minutes Offensive
Center Left Wing Right Wing Defense Defense
Tim Connolly Brenden Morrow Marian Gaborik Tom Poti Denis Grebeshkov
Last Minutes Defensive
Center Left Wing Right Wing Defense Defense
Frans Nielsen Drew Miller Chad Larose Tom Poti Kurt Sauer
Goaltenders
Starting : Ryan Miller
Backup : Al Montoya
Extra Forwards
Normal : Bill Guerin, Sergei Samsonov, Craig Adams - PP : Bill Guerin, Sergei Samsonov - PK : Craig Adams
Extra Defensemen
Normal : Sami Lepisto, Lukas Krajicek, Denis Grebeshkov - PP : Sami Lepisto - PK : Lukas Krajicek, Denis Grebeshkov
Penalty Shots
Marian Gaborik, Sergei Samsonov, Bill Guerin, Brenden Morrow, Frans Nielsen
% Time on Ice - Flames
Lines # - Real PCT - Wanted PCT - Time Play
Normal Forward
1 - 36% - 40% - 17:30
2 - 28% - 30% - 13:36
3 - 22% - 20% - 10:39
4 - 15% - 10% - 7:19
Normal Defense
1 - 42% - 40% - 20:45
2 - 33% - 30% - 16:01
3 - 21% - 20% - 10:26
4 - 4% - 10% - 1:52
PP Forward
1 - 60% - 60% - 2:59
2 - 40% - 40% - 2:00
PP Defense
1 - 64% - 60% - 3:11
2 - 36% - 40% - 1:48
PK Forward
1 - 67% - 60% - 2:39
2 - 33% - 40% - 1:19
PK Defense
1 - 70% - 60% - 2:47
2 - 30% - 40% - 1:11
PK3 Forward
1 - 0% - 60%
2 - 0% - 40%
PK3 Defense
1 - 0% - 60%
2 - 0% - 40%
44 Forward
1 - 100% - 60% - 1:59
2 - 0% - 40% - 0:00
44 Defense
1 - 65% - 60% - 1:17
2 - 35% - 40% - 0:42
Last Minute Offensive - 0:00
Last Minute Defensive - 0:00
Total
Forward - 60:00
Defense - 60:00
|
% Time on Ice - Coyotes
Lines # - Real PCT - Wanted PCT - Time Play
Normal Forward
1 - 34% - 40% - 16:53
2 - 27% - 30% - 13:26
3 - 23% - 20% - 11:27
4 - 15% - 10% - 7:18
Normal Defense
1 - 39% - 40% - 19:02
2 - 33% - 30% - 16:17
3 - 22% - 20% - 10:39
4 - 6% - 10% - 3:06
PP Forward
1 - 55% - 60% - 2:12
2 - 45% - 40% - 1:46
PP Defense
1 - 65% - 60% - 2:35
2 - 35% - 40% - 1:23
PK Forward
1 - 83% - 60% - 4:07
2 - 17% - 40% - 0:52
PK Defense
1 - 58% - 60% - 2:53
2 - 42% - 40% - 2:06
PK3 Forward
1 - 0% - 60%
2 - 0% - 40%
PK3 Defense
1 - 0% - 60%
2 - 0% - 40%
44 Forward
1 - 100% - 60% - 1:59
2 - 0% - 40% - 0:00
44 Defense
1 - 66% - 60% - 1:18
2 - 34% - 40% - 0:41
Last Minute Offensive - 0:00
Last Minute Defensive - 0:00
Total
Forward - 60:00
Defense - 60:00
|
Play by Play
1st period
0:01 of 1st period - Eric Staal wins face-off versus Tim Connolly in neutral zone.
0:14 of 1st period - Wrist shot by Alexander Semin.
0:14 of 1st period - Stopped by Ryan Miller without a rebound.
0:15 of 1st period - Frans Nielsen wins face-off versus Michal Handzus in Coyotes zone.
0:37 of 1st period - Icing by Sami Lepisto.
0:38 of 1st period - Josef Vasicek wins face-off versus Maxim Lapierre in Coyotes zone.
0:39 of 1st period - Snap shot by Petr Schastlivy.
0:39 of 1st period - Shot Misses the Net.
2:14 of 1st period - Slapshot by Marian Gaborik.
2:14 of 1st period - Shot Blocked by Steve Eminger.
2:26 of 1st period - Snap shot by Sergei Samsonov.
2:26 of 1st period - Shot Misses the Net.
2:28 of 1st period - Snap shot by Maxim Lapierre.
2:28 of 1st period - Shot Misses the Net.
2:30 of 1st period - Wrist shot by Jiri Fischer.
2:30 of 1st period - Stopped by Craig Anderson without a rebound.
2:31 of 1st period - Frans Nielsen wins face-off versus Eric Staal in Flames zone.
2:44 of 1st period - Bill Guerin is hit by David Backes and loses puck.
3:30 of 1st period - Snap shot by Chad Larose.
3:30 of 1st period - Stopped by Craig Anderson with a rebound.
4:07 of 1st period - Milan Hejduk is hit by Bill Guerin and loses puck.
5:52 of 1st period - Kurt Sauer is hit by Niklas Kronwall and loses puck.
6:31 of 1st period - Tom Poti is hit by Petr Schastlivy and loses puck.
6:51 of 1st period - Off-side.
6:52 of 1st period - Michal Handzus wins face-off versus Frans Nielsen in neutral zone.
6:57 of 1st period - Milan Hejduk is hit by Frans Nielsen and loses puck.
7:08 of 1st period - Snap shot by Drew Miller.
7:08 of 1st period - Shot Misses the Net.
7:16 of 1st period - Snap shot by Mark Bell.
7:16 of 1st period - Stopped by Ryan Miller without a rebound.
7:17 of 1st period - Eric Staal wins face-off versus Marian Gaborik in Coyotes zone.
7:26 of 1st period - Eric Staal is hit by Lukas Krajicek and loses puck.
7:57 of 1st period - Frans Nielsen is hit by Josef Vasicek.
8:19 of 1st period - Snap shot by Sergei Samsonov.
8:19 of 1st period - Stopped by Craig Anderson with a rebound.
9:37 of 1st period - Snap shot by Chad Larose.
9:37 of 1st period - Shot Misses the Net.
10:37 of 1st period - Off-side.
10:38 of 1st period - Frans Nielsen wins face-off versus Marcel Goc in neutral zone.
10:40 of 1st period - Off-side.
10:41 of 1st period - Tim Connolly wins face-off versus Eric Staal in neutral zone.
10:54 of 1st period - Snap shot by David Backes.
10:54 of 1st period - Shot Blocked by Sami Lepisto.
10:56 of 1st period - Wrist shot by David Backes.
10:56 of 1st period - Shot Blocked by Kurt Sauer.
11:06 of 1st period - Snap shot by Marian Gaborik.
11:06 of 1st period - Stopped by Craig Anderson without a rebound.
11:07 of 1st period - Frans Nielsen wins face-off versus Michal Handzus in Flames zone.
11:08 of 1st period - Snap shot by Drew Miller.
11:08 of 1st period - Shot Misses the Net.
11:40 of 1st period - Brett Lebda is hit by Bill Guerin and loses puck.
12:37 of 1st period - Snap shot by Riley Cote.
12:37 of 1st period - Stopped by Craig Anderson without a rebound.
12:38 of 1st period - Joël Perrault wins face-off versus Michal Handzus in Flames zone.
12:43 of 1st period - Backhand shot by Tom Poti.
12:43 of 1st period - Shot Misses the Net.
12:49 of 1st period - Minor Penalty to Milan Hejduk for Interference.
12:50 of 1st period - Michal Handzus wins face-off versus Tim Connolly in Flames zone.
13:22 of 1st period - Snap shot by Bill Guerin.
13:22 of 1st period - Stopped by Craig Anderson with a rebound.
13:24 of 1st period - Wrist shot by Drew Miller.
13:24 of 1st period - Stopped by Craig Anderson without a rebound.
13:25 of 1st period - Michal Handzus wins face-off versus Tim Connolly in Flames zone.
14:49 of 1st period - Penalty to Milan Hejduk is over, Milan Hejduk is back on ice.
15:34 of 1st period - Snap shot by Mark Bell.
15:34 of 1st period - Stopped by Ryan Miller without a rebound.
15:35 of 1st period - Marcel Goc wins face-off versus Joël Perrault in Coyotes zone.
16:06 of 1st period - Minor Penalty to Marian Gaborik for High sticking.
16:06 of 1st period - Minor Penalty to Eric Staal for Tripping.
16:07 of 1st period - Milan Hejduk wins face-off versus Tim Connolly in neutral zone.
16:12 of 1st period - Snap shot by Milan Hejduk.
16:12 of 1st period - Shot Misses the Net.
16:56 of 1st period - Denis Grebeshkov is hit by Petr Schastlivy and loses puck.
17:17 of 1st period - Kurt Sauer is hit by Steve Eminger.
17:33 of 1st period - Mike Leclerc is hit by Brenden Morrow and loses puck.
18:06 of 1st period - Penalty to Marian Gaborik is over, Marian Gaborik is back on ice.
18:06 of 1st period - Penalty to Eric Staal is over, Eric Staal is back on ice.
18:19 of 1st period - Erik Johnson is hit by Brenden Morrow and loses puck.
18:30 of 1st period - Snap shot by Eric Staal.
18:30 of 1st period - Shot Blocked by Kurt Sauer.
18:32 of 1st period - Snap shot by Eric Staal.
18:32 of 1st period - Stopped by Ryan Miller without a rebound.
18:33 of 1st period - Josef Vasicek wins face-off versus Maxim Lapierre in Coyotes zone.
18:38 of 1st period - Slapshot by Petr Schastlivy.
18:38 of 1st period - Shot Misses the Net.
18:44 of 1st period - Slapshot by Jordin Tootoo.
18:44 of 1st period - Shot Misses the Net.
18:46 of 1st period - Slapshot by Ron Hainsey.
18:46 of 1st period - Stopped by Ryan Miller without a rebound.
18:47 of 1st period - Frans Nielsen wins face-off versus Eric Staal in Coyotes zone.
19:21 of 1st period - Wrist shot by Tomas Kaberle.
19:21 of 1st period - Shot Blocked by Jiri Fischer.
19:23 of 1st period - Wrist shot by Petr Schastlivy.
19:23 of 1st period - Stopped by Ryan Miller without a rebound.
19:24 of 1st period - Tim Connolly wins face-off versus Eric Staal in Coyotes zone.
19:55 of 1st period - Slapshot by Drew Miller.
19:55 of 1st period - Shot Misses the Net.
19:57 of 1st period - Snap shot by Sami Lepisto.
19:57 of 1st period - Shot Misses the Net.
19:59 of 1st period - Wrist shot by Drew Miller.
19:59 of 1st period - Shot Misses the Net.
2nd period
0:01 of 2nd period - Tim Connolly wins face-off versus Eric Staal in neutral zone.
0:26 of 2nd period - Wrist shot by Petr Schastlivy.
0:26 of 2nd period - Shot Blocked by Brenden Morrow.
0:28 of 2nd period - Wrist shot by Petr Schastlivy.
0:28 of 2nd period - Shot Blocked by Tom Poti.
0:30 of 2nd period - Wrist shot by Jordin Tootoo.
0:30 of 2nd period - Stopped by Ryan Miller without a rebound.
0:31 of 2nd period - Frans Nielsen wins face-off versus Josef Vasicek in Coyotes zone.
0:39 of 2nd period - Off-side.
0:40 of 2nd period - Frans Nielsen wins face-off versus Eric Staal in neutral zone.
0:43 of 2nd period - Alexander Semin is hit by Bill Guerin and loses puck.
0:50 of 2nd period - Snap shot by Frans Nielsen.
0:50 of 2nd period - Stopped by Craig Anderson with a rebound.
0:58 of 2nd period - Snap shot by Frans Nielsen.
0:58 of 2nd period - Shot Misses the Net.
1:12 of 2nd period - Slapshot by David Backes.
1:12 of 2nd period - Stopped by Ryan Miller with a rebound.
1:27 of 2nd period - Icing by Kurt Sauer.
1:28 of 2nd period - Frans Nielsen wins face-off versus Michal Handzus in Coyotes zone.
1:30 of 2nd period - Icing by Drew Miller.
1:31 of 2nd period - Michal Handzus wins face-off versus Frans Nielsen in Coyotes zone.
1:48 of 2nd period - Michal Handzus is hit by Drew Miller.
2:00 of 2nd period - Snap shot by Frans Nielsen.
2:00 of 2nd period - Shot Misses the Net.
2:02 of 2nd period - Slapshot by Kurt Sauer.
2:02 of 2nd period - Shot Blocked by Erik Johnson.
2:04 of 2nd period - Snap shot by Kurt Sauer.
2:04 of 2nd period - Stopped by Craig Anderson with a rebound.
2:06 of 2nd period - Wrist shot by Sami Lepisto.
2:06 of 2nd period - Stopped by Craig Anderson without a rebound.
2:07 of 2nd period - Eric Staal wins face-off versus Tim Connolly in Flames zone.
2:29 of 2nd period - Minor Penalty to Alexander Semin for Roughing.
2:30 of 2nd period - Michal Handzus wins face-off versus Tim Connolly in Flames zone.
3:33 of 2nd period - Snap shot by Eric Staal.
3:33 of 2nd period - Shot Misses the Net.
3:35 of 2nd period - Snap shot by Eric Staal.
3:35 of 2nd period - Stopped by Ryan Miller without a rebound.
3:36 of 2nd period - Eric Staal wins face-off versus Frans Nielsen in Coyotes zone.
3:57 of 2nd period - Mike Leclerc is hit by Brenden Morrow and loses puck.
4:29 of 2nd period - Penalty to Alexander Semin is over, Alexander Semin is back on ice.
4:42 of 2nd period - Snap shot by Chad Larose.
4:42 of 2nd period - Stopped by Craig Anderson with a rebound.
4:54 of 2nd period - Wrist shot by Alexander Semin.
4:54 of 2nd period - Stopped by Ryan Miller without a rebound.
4:55 of 2nd period - Joël Perrault wins face-off versus Alexander Semin in Coyotes zone.
5:21 of 2nd period - Snap shot by Riley Cote.
5:21 of 2nd period - Shot Misses the Net.
5:25 of 2nd period - Snap shot by Craig Adams.
5:25 of 2nd period - Shot Misses the Net.
5:27 of 2nd period - Snap shot by Craig Adams.
5:27 of 2nd period - Stopped by Craig Anderson with a rebound.
5:49 of 2nd period - Wrist shot by Riley Cote.
5:49 of 2nd period - Shot Misses the Net.
5:51 of 2nd period - Snap shot by Sami Lepisto.
5:51 of 2nd period - Stopped by Craig Anderson without a rebound.
5:52 of 2nd period - Michal Handzus wins face-off versus Marian Gaborik in Flames zone.
6:18 of 2nd period - Tom Poti is hit by Alexander Semin and loses puck.
6:39 of 2nd period - Chad Larose is hit by Niklas Kronwall and loses puck.
6:48 of 2nd period - Snap shot by Petr Schastlivy.
6:48 of 2nd period - Deflect By Jordin Tootoo.
6:48 of 2nd period - Stopped by Ryan Miller with a rebound.
6:50 of 2nd period - Snap shot by Jordin Tootoo.
6:50 of 2nd period - Stopped by Ryan Miller without a rebound.
6:51 of 2nd period - Michal Handzus wins face-off versus Tim Connolly in Coyotes zone.
6:54 of 2nd period - Wrist shot by Milan Hejduk.
6:54 of 2nd period - Stopped by Ryan Miller without a rebound.
6:55 of 2nd period - Marian Gaborik wins face-off versus Michal Handzus in Coyotes zone.
7:04 of 2nd period - Wrist shot by Milan Hejduk.
7:04 of 2nd period - Stopped by Ryan Miller without a rebound.
7:05 of 2nd period - Eric Staal wins face-off versus Tim Connolly in Coyotes zone.
7:30 of 2nd period - Steve Eminger is hit by Bill Guerin and loses puck.
7:45 of 2nd period - Michal Handzus is hit by Denis Grebeshkov and loses puck.
8:14 of 2nd period - Off-side.
8:15 of 2nd period - Eric Staal wins face-off versus Joël Perrault in neutral zone.
8:40 of 2nd period - Sami Lepisto is hit by Petr Schastlivy and loses puck.
9:00 of 2nd period - Bill Guerin is hit by Erik Johnson and loses puck.
9:55 of 2nd period - Snap shot by Joël Perrault.
9:55 of 2nd period - Stopped by Craig Anderson without a rebound.
9:56 of 2nd period - Joël Perrault wins face-off versus Michal Handzus in Flames zone.
9:58 of 2nd period - Icing by Michal Handzus.
9:59 of 2nd period - Michal Handzus wins face-off versus Tim Connolly in Flames zone.
10:14 of 2nd period - Slapshot by Denis Grebeshkov.
10:14 of 2nd period - Stopped by Craig Anderson without a rebound.
10:15 of 2nd period - Frans Nielsen wins face-off versus Eric Staal in Flames zone.
10:20 of 2nd period - Slapshot by Tom Poti.
10:20 of 2nd period - Deflect By Drew Miller.
10:20 of 2nd period - Shot Misses the Net.
10:20 of 2nd period - Puck is out of play.
10:21 of 2nd period - Eric Staal wins face-off versus Drew Miller in Flames zone.
10:26 of 2nd period - Snap shot by Frans Nielsen.
10:26 of 2nd period - Goal by Frans Nielsen - Flames : 0 - Coyotes : 1.
10:27 of 2nd period - Tim Connolly wins face-off versus Alexander Semin in neutral zone.
10:32 of 2nd period - Steve Eminger is hit by Tim Connolly and loses puck.
11:14 of 2nd period - Eric Staal is hit by Sergei Samsonov and loses puck.
11:49 of 2nd period - Snap shot by Sergei Samsonov.
11:49 of 2nd period - Deflect By Chad Larose.
11:49 of 2nd period - Stopped by Craig Anderson without a rebound.
11:50 of 2nd period - Brenden Morrow wins face-off versus Michal Handzus in Flames zone.
11:53 of 2nd period - Wrist shot by Tim Connolly.
11:53 of 2nd period - Shot Blocked by Michal Handzus.
11:59 of 2nd period - Kurt Sauer is hit by Michal Handzus and loses puck.
12:16 of 2nd period - Jordin Tootoo is hit by Sami Lepisto.
12:28 of 2nd period - Snap shot by Bill Guerin.
12:28 of 2nd period - Shot Misses the Net.
12:47 of 2nd period - Branko Radivojevic is hit by Craig Adams and loses puck.
13:26 of 2nd period - Brenden Morrow is hit by Jordin Tootoo and loses puck.
13:43 of 2nd period - Snap shot by Bill Guerin.
13:43 of 2nd period - Shot Blocked by Branko Radivojevic.
13:47 of 2nd period - Backhand shot by Drew Miller.
13:47 of 2nd period - Stopped by Craig Anderson with a rebound.
13:49 of 2nd period - Snap shot by Lukas Krajicek.
13:49 of 2nd period - Goal by Lukas Krajicek - Flames : 0 - Coyotes : 2.
13:50 of 2nd period - Bill Guerin wins face-off versus Michal Handzus in neutral zone.
13:55 of 2nd period - Snap shot by Frans Nielsen.
13:55 of 2nd period - Stopped by Craig Anderson without a rebound.
13:56 of 2nd period - Michal Handzus wins face-off versus Frans Nielsen in Flames zone.
14:13 of 2nd period - Slapshot by Drew Miller.
14:13 of 2nd period - Shot Misses the Net.
14:45 of 2nd period - Wrist shot by Chad Larose.
14:45 of 2nd period - Stopped by Craig Anderson without a rebound.
14:46 of 2nd period - Josef Vasicek wins face-off versus Maxim Lapierre in Flames zone.
15:07 of 2nd period - Wrist shot by Chad Larose.
15:07 of 2nd period - Stopped by Craig Anderson with a rebound.
15:09 of 2nd period - Slapshot by Kurt Sauer.
15:09 of 2nd period - Deflect By Sergei Samsonov.
15:09 of 2nd period - Shot Misses the Net.
15:09 of 2nd period - Puck is out of play.
15:10 of 2nd period - Tim Connolly wins face-off versus Eric Staal in Flames zone.
15:13 of 2nd period - Slapshot by Tim Connolly.
15:13 of 2nd period - Stopped by Craig Anderson with a rebound.
15:25 of 2nd period - Snap shot by David Backes.
15:25 of 2nd period - Stopped by Ryan Miller without a rebound.
15:26 of 2nd period - Milan Hejduk wins face-off versus Frans Nielsen in Coyotes zone.
16:46 of 2nd period - Maxim Lapierre is hit by Marcel Goc and loses puck.
17:39 of 2nd period - Craig Adams is hit by Jordin Tootoo and loses puck.
18:00 of 2nd period - Branko Radivojevic is hit by Maxim Lapierre and loses puck.
18:20 of 2nd period - Major / Game Misconduct Penalty to Lukas Krajicek for Attempt to injure.
18:20 of 2nd period - Lukas Krajicek is ejected from game.
18:21 of 2nd period - Frans Nielsen wins face-off versus Eric Staal in Coyotes zone.
18:30 of 2nd period - Snap shot by Alexander Semin.
18:30 of 2nd period - Shot Misses the Net.
18:52 of 2nd period - Wrist shot by Josef Vasicek.
18:52 of 2nd period - Shot Misses the Net.
18:54 of 2nd period - Slapshot by Mark Bell.
18:54 of 2nd period - Shot Misses the Net.
18:56 of 2nd period - Wrist shot by Mark Bell.
18:56 of 2nd period - Stopped by Ryan Miller without a rebound.
18:57 of 2nd period - Alexander Semin wins face-off versus Frans Nielsen in Coyotes zone.
18:58 of 2nd period - Snap shot by Eric Staal.
18:58 of 2nd period - Stopped by Ryan Miller with a rebound.
19:00 of 2nd period - Wrist shot by Eric Staal.
19:00 of 2nd period - Shot Blocked by Denis Grebeshkov.
19:02 of 2nd period - Snap shot by Alexander Semin.
19:02 of 2nd period - Shot Misses the Net.
19:04 of 2nd period - Slapshot by Alexander Semin.
19:04 of 2nd period - Shot Hit the Post.
19:06 of 2nd period - Slapshot by Eric Staal.
19:06 of 2nd period - Goal by Eric Staal - Flames : 1 - Coyotes : 2.
19:07 of 2nd period - Frans Nielsen wins face-off versus Eric Staal in neutral zone.
19:14 of 2nd period - Slapshot by Eric Staal.
19:14 of 2nd period - Stopped by Ryan Miller with a rebound.
19:16 of 2nd period - Slapshot by Tomas Kaberle.
19:16 of 2nd period - Stopped by Ryan Miller with a rebound.
19:46 of 2nd period - Slapshot by Niklas Kronwall.
19:46 of 2nd period - Shot Blocked by Jiri Fischer.
3rd period
0:01 of 3rd period - Eric Staal wins face-off versus Frans Nielsen in neutral zone.
2:14 of 3rd period - Brenden Morrow is hit by Branko Radivojevic and loses puck.
2:29 of 3rd period - Joël Perrault is hit by Milan Hejduk and loses puck.
3:20 of 3rd period - Penalty to Lukas Krajicek is over, Bill Guerin is send on ice.
3:21 of 3rd period - David Backes is hit by Bill Guerin.
3:59 of 3rd period - Mark Bell is hit by Marian Gaborik and loses puck.
4:19 of 3rd period - Icing by Sami Lepisto.
4:20 of 3rd period - Josef Vasicek wins face-off versus Maxim Lapierre in Coyotes zone.
4:34 of 3rd period - Off-side.
4:35 of 3rd period - Eric Staal wins face-off versus Tim Connolly in neutral zone.
5:05 of 3rd period - Wrist shot by Sergei Samsonov.
5:05 of 3rd period - Shot Blocked by Erik Johnson.
5:07 of 3rd period - Slapshot by Tom Poti.
5:07 of 3rd period - Deflect By Eric Staal.
5:07 of 3rd period - Stopped by Craig Anderson with a rebound.
5:19 of 3rd period - Snap shot by Joël Perrault.
5:19 of 3rd period - Stopped by Craig Anderson without a rebound.
5:20 of 3rd period - Michal Handzus wins face-off versus Joël Perrault in Flames zone.
5:35 of 3rd period - Slapshot by Milan Hejduk.
5:35 of 3rd period - Stopped by Ryan Miller without a rebound.
5:36 of 3rd period - Tim Connolly wins face-off versus Eric Staal in Coyotes zone.
7:09 of 3rd period - Off-side.
7:10 of 3rd period - Michal Handzus wins face-off versus Marian Gaborik in neutral zone.
7:20 of 3rd period - Wrist shot by Milan Hejduk.
7:20 of 3rd period - Shot Misses the Net.
7:22 of 3rd period - Wrist shot by Milan Hejduk.
7:22 of 3rd period - Stopped by Ryan Miller with a rebound.
7:24 of 3rd period - Slapshot by Niklas Kronwall.
7:24 of 3rd period - Stopped by Ryan Miller without a rebound.
7:25 of 3rd period - Eric Staal wins face-off versus Frans Nielsen in Coyotes zone.
7:52 of 3rd period - Mark Bell is hit by Denis Grebeshkov and loses puck.
8:30 of 3rd period - Icing by Chad Larose.
8:31 of 3rd period - Marcel Goc wins face-off versus Joël Perrault in Coyotes zone.
8:40 of 3rd period - Branko Radivojevic is hit by Joël Perrault and loses puck.
9:07 of 3rd period - Snap shot by Eric Staal.
9:07 of 3rd period - Goal by Eric Staal - Flames : 2 - Coyotes : 2.
9:08 of 3rd period - Tim Connolly wins face-off versus Eric Staal in neutral zone.
9:13 of 3rd period - Snap shot by Brenden Morrow.
9:13 of 3rd period - Stopped by Craig Anderson without a rebound.
9:14 of 3rd period - Eric Staal wins face-off versus Tim Connolly in Flames zone.
9:48 of 3rd period - Off-side.
9:49 of 3rd period - Eric Staal wins face-off versus Tim Connolly in neutral zone.
9:58 of 3rd period - Slapshot by Eric Staal.
9:58 of 3rd period - Stopped by Ryan Miller without a rebound.
9:59 of 3rd period - Tim Connolly wins face-off versus Eric Staal in Coyotes zone.
10:19 of 3rd period - Snap shot by David Backes.
10:19 of 3rd period - Stopped by Ryan Miller with a rebound.
10:21 of 3rd period - Snap shot by David Backes.
10:21 of 3rd period - Stopped by Ryan Miller with a rebound.
10:23 of 3rd period - Wrist shot by Erik Johnson.
10:23 of 3rd period - Stopped by Ryan Miller without a rebound.
10:24 of 3rd period - Michal Handzus wins face-off versus Bill Guerin in Coyotes zone.
10:31 of 3rd period - Tomas Kaberle is hit by Drew Miller and loses puck.
11:01 of 3rd period - Slapshot by Mark Bell.
11:01 of 3rd period - Goal by Mark Bell - Flames : 3 - Coyotes : 2.
11:02 of 3rd period - Tim Connolly wins face-off versus Eric Staal in neutral zone.
11:11 of 3rd period - Snap shot by Tim Connolly.
11:11 of 3rd period - Stopped by Craig Anderson with a rebound.
11:13 of 3rd period - Slapshot by Tim Connolly.
11:13 of 3rd period - Shot Misses the Net.
11:15 of 3rd period - Snap shot by Brenden Morrow.
11:15 of 3rd period - Stopped by Craig Anderson with a rebound.
11:54 of 3rd period - Snap shot by Maxim Lapierre.
11:54 of 3rd period - Shot Misses the Net.
12:07 of 3rd period - Icing by Sergei Samsonov.
12:08 of 3rd period - Marcel Goc wins face-off versus Maxim Lapierre in Coyotes zone.
12:15 of 3rd period - Wrist shot by Eric Staal.
12:15 of 3rd period - Stopped by Ryan Miller without a rebound.
12:16 of 3rd period - Eric Staal wins face-off versus Tim Connolly in Coyotes zone.
13:34 of 3rd period - Branko Radivojevic is hit by Marian Gaborik.
13:49 of 3rd period - Tomas Kaberle is hit by Jiri Fischer and loses puck.
13:59 of 3rd period - Wrist shot by Mike Leclerc.
13:59 of 3rd period - Shot Blocked by Jiri Fischer.
14:01 of 3rd period - Snap shot by Marcel Goc.
14:01 of 3rd period - Goal by Marcel Goc - Flames : 4 - Coyotes : 2.
14:02 of 3rd period - Frans Nielsen wins face-off versus Eric Staal in neutral zone.
14:05 of 3rd period - Slapshot by Frans Nielsen.
14:05 of 3rd period - Shot Blocked by Steve Eminger.
14:07 of 3rd period - Slapshot by Denis Grebeshkov.
14:07 of 3rd period - Deflect By Drew Miller.
14:07 of 3rd period - Shot Blocked by Tomas Kaberle.
14:07 of 3rd period - Puck is out of play.
14:08 of 3rd period - Eric Staal wins face-off versus Drew Miller in Flames zone.
14:21 of 3rd period - Wrist shot by Frans Nielsen.
14:21 of 3rd period - Shot Misses the Net.
14:23 of 3rd period - Wrist shot by Drew Miller.
14:23 of 3rd period - Shot Misses the Net.
14:25 of 3rd period - Slapshot by Denis Grebeshkov.
14:25 of 3rd period - Shot Misses the Net.
14:39 of 3rd period - Slapshot by Milan Hejduk.
14:39 of 3rd period - Stopped by Ryan Miller without a rebound.
14:40 of 3rd period - Tim Connolly wins face-off versus Michal Handzus in Coyotes zone.
14:40 of 3rd period - Tim Connolly is hit by Milan Hejduk.
15:05 of 3rd period - Erik Johnson is hit by Sami Lepisto and loses puck.
15:16 of 3rd period - Snap shot by Chad Larose.
15:16 of 3rd period - Shot Blocked by Mark Bell.
15:32 of 3rd period - Wrist shot by Josef Vasicek.
15:32 of 3rd period - Stopped by Ryan Miller with a rebound.
15:34 of 3rd period - Wrist shot by Petr Schastlivy.
15:34 of 3rd period - Stopped by Ryan Miller without a rebound.
15:35 of 3rd period - Tim Connolly wins face-off versus Jordin Tootoo in Coyotes zone.
16:00 of 3rd period - Steve Eminger is hit by Sami Lepisto and loses puck.
16:07 of 3rd period - Wrist shot by Sergei Samsonov.
16:07 of 3rd period - Stopped by Craig Anderson without a rebound.
16:08 of 3rd period - Brenden Morrow wins face-off versus Eric Staal in Flames zone.
17:13 of 3rd period - Steve Eminger is hit by Brenden Morrow and loses puck.
17:33 of 3rd period - Steve Eminger is hit by Kurt Sauer.
17:38 of 3rd period - Icing by Riley Cote.
17:39 of 3rd period - Joël Perrault wins face-off versus Eric Staal in Coyotes zone.
17:46 of 3rd period - Snap shot by Riley Cote.
17:46 of 3rd period - Stopped by Craig Anderson with a rebound.
17:48 of 3rd period - Slapshot by Sami Lepisto.
17:48 of 3rd period - Stopped by Craig Anderson with a rebound.
17:50 of 3rd period - Wrist shot by Riley Cote.
17:50 of 3rd period - Stopped by Craig Anderson without a rebound.
17:51 of 3rd period - Chad Larose wins face-off versus Josef Vasicek in Flames zone.
18:27 of 3rd period - Wrist shot by Eric Staal.
18:27 of 3rd period - Shot Misses the Net.
18:43 of 3rd period - Wrist shot by Frans Nielsen.
18:43 of 3rd period - Shot Misses the Net.
18:47 of 3rd period - Snap shot by Drew Miller.
18:47 of 3rd period - Shot Misses the Net.
18:49 of 3rd period - Slapshot by Sami Lepisto.
18:49 of 3rd period - Coyotes goal is going for a video replay.
18:49 of 3rd period - The goal is refused. The goalkeeper has been pushed into the net together with the puck after making a save..
18:50 of 3rd period - Maxim Lapierre wins face-off versus Josef Vasicek in Flames zone.
19:07 of 3rd period - Erik Johnson is hit by Denis Grebeshkov and loses puck.
19:42 of 3rd period - Icing by Denis Grebeshkov.
19:43 of 3rd period - Michal Handzus wins face-off versus Frans Nielsen in Coyotes zone.
Output by the SimonT Hockey Simulator (STHS) for François Prévost -- Original Page W3C XHTML 1.0 Valid